 Dungeon Crawl Stone Soup version 0.27.1-33-g824d729ab1 (webtiles) character file.

Game seed: 14244606924051285315

191 SibleyIrresistible the Zephyrmancer (level 5, -2/28 HPs)
             Began as a Tengu Air Elementalist on Dec 10, 2021.
             Killed by nerve-wracking pain
             ... invoked by Grinder
              (12 damage)
             ... on level 3 of the Dungeon on Dec 16, 2021.
             The game lasted 00:08:47 (2997 turns).

SibleyIrresistible the Zephyrmancer (TeAE)          Turns: 2997, Time: 00:08:47

Health: -2/28      AC:  2    Str:  8    XL:     5   Next: 70%
Magic:  2/9        EV: 14    Int: 16    God:
Gold:   93         SH:  5    Dex: 15    Spells: 4/8 levels left

rFire    . . .     SeeInvis .   (no weapon)
rCold    . . .     Faith    .   (no shield)
rNeg     . . .     Spirit   .   a - +0 robe
rPois    .         Reflect  +   (helmet restricted)
rElec    .         Harm     .   (no cloak)
rCorr    .         Rampage  .   (no gloves)
Will     .....                  (boots unavailable)
Stlth    ++........             n - amulet of reflection
HPRegen  0.09/turn              (no ring)
MPRegen  0.11/turn              (no ring)

@: flying quickly and evasively, quick
A: beak, talons 3, nimble flight
a: no special abilities


You were on level 3 of the Dungeon.
You visited 1 branch of the dungeon, and saw 3 of its levels.

You collected 93 gold pieces.

Inventory:

Armour
 a - a +0 robe (worn)
Magical Staves
 f - a staff of death
Jewellery
 n - an amulet of reflection (around neck)
Scrolls
 e - a scroll of immolation {unknown}
 g - 2 scrolls of teleportation {unknown}
 j - a scroll of vulnerability {unknown}
 m - a scroll of amnesia {unknown}
 o - a scroll of holy word {unknown}
Potions
 b - a potion of magic {unknown}
 c - 2 potions of lignification {unknown}
 d - a potion of haste {unknown}
 h - a potion of degeneration {unknown}
 i - a potion of invisibility {unknown}
 k - 3 potions of curing {unknown}
 l - a potion of heal wounds {unknown}


   Skills:
 - Level 2.1 Dodging
 - Level 2.0 Stealth
 - Level 2.0 Spellcasting
 - Level 1.3 Conjurations
 * Level 8.2 Air Magic


You had 4 spell levels left.
You knew the following spells:

 Your Spells              Type           Power      Damage    Failure   Level
a - Shock                 Conj/Air       64%        1d7       3%          1
b - Swiftness             Air            27%        N/A       2%          3

Your spell library contained the following spells:

 Spells                   Type           Power      Damage    Failure   Level
 Static Discharge         Conj/Air       16%        N/A       4%          2
 Airstrike                Air            13%        N/A       7%          4
 Mephitic Cloud           Conj/Pois/Air  11%        N/A       17%         3
 Gell's Gravitas          Tloc           0%         N/A       52%         3
 Ignite Poison            Fire/Tmut/Pois 1%         N/A       52%         3
 Teleport Other           Tloc           1%         N/A       52%         3
 Bolt of Magma            Conj/Fire/Erth 1%         4d4       99%         5
 Dispersal                Tloc           0%         N/A       100%        6


Dungeon Overview and Level Annotations

Branches:
Dungeon (3/15)

Altars:
Dithmenos
Kikubaaqudgha
Makhleb

Annotations:
D:3 1 runed translucent door, Crazy Yiuf, Grinder


Innate Abilities, Weirdness & Mutations

You have a beak for a mouth.
You have claws for feet.
Your magical nature lets you fly swiftly and evasively.


Message History

Confirm with . or Enter, or press ? or * to list all spells.
You don't have enough magic to cast this spell.
Unknown command.
Grinder blinks!
Grinder blinks!
Grinder says, "Are you a fish?"
Casting: Shock (safe; 3% risk of failure)
Confirm with . or Enter, or press ? or * to list all spells.
Aiming: Shock (safe; 3% risk of failure)
Press: ? - help, Shift-Dir - straight line, p - Grinder The zap hits Grinder.
Grinder is severely wounded.
The zap misses Grinder.
You reach down and open the door.
Grinder gestures at you. Pain shoots through your body!
There is an open door here.
Grinder blinks!
You start resting.
Grinder is nearby!
Casting: Shock (safe; 3% risk of failure)
Confirm with . or Enter, or press ? or * to list all spells.
Aiming: Shock (safe; 3% risk of failure)
Press: ? - help, Shift-Dir - straight line, f - Grinder
Aim: Grinder (severely wounded, 68% to hit)
The zap misses Grinder.
Casting: Shock (safe; 3% risk of failure)
Confirm with . or Enter, or press ? or * to list all spells.
Aiming: Shock (safe; 3% risk of failure)
Press: ? - help, Shift-Dir - straight line, f/p - Grinder
Aim: Grinder (severely wounded, 68% to hit)
The zap hits Grinder but does no damage.
Grinder is severely wounded.
Grinder gestures at you. Pain shoots through your body!
Grinder gestures at you. You resist with significant effort.
Grinder gestures at you. Pain shoots through your body!
You die...

###'...###....#
##..#≈§≈###.....
##...#≈§≈#......#
#.5##'..§###....#
##.##..†....##.#..
#..#...###...#....
#.##..##.##..##...
#.#...#...#...#...
#@#..##...##..#...
#.#..#.._..#..#...
#.#..#.....#..#...
#.##.........##...
#####.####.....###....
#........#######.†...#
#.####.......>........
#.# #................
#.# ##############...


You could see Grinder.

Vanquished Creatures
  A bullfrog skeleton (D:3)
  Jessica (D:3)
  Natasha (thrice) (D:3)
  2 adders (D:3)
  An ufetubus (D:2)
  2 worms (D:2)
  A dart slug (D:1)
  3 ball pythons
  4 endoplasms
  2 giant cockroaches (D:2)
  A goblin (D:3)
  3 hobgoblins
  A quokka (D:2)
  4 bats
  2 frilled lizards
  6 kobolds
  2 rats (D:2)
39 creatures vanquished.

Vanquished Creatures (others)
  A fungus (D:3)
1 creature vanquished.

Grand Total: 40 creatures vanquished

Notes
Turn   | Place    | Note
-------+----------+-------------------------------------------
     0 | D:1      | SibleyIrresistible the Tengu Air Elementalist began the
                  | quest for the Orb.
     0 | D:1      | Reached XP level 1. HP: 10/10 MP: 4/4
   278 | D:1      | Reached XP level 2. HP: 15/15 MP: 3/6
   660 | D:1      | Reached skill level 5 in Air Magic
  1090 | D:2      | Reached XP level 3. HP: 19/19 MP: 1/7
  1949 | D:3      | Noticed Jessica
  1953 | D:3      | Killed Jessica
  1954 | D:3      | Reached skill level 6 in Air Magic
  1954 | D:3      | Reached XP level 4. HP: 24/24 MP: 3/8
  2050 | D:3      | Found a faded altar of an unknown god.
  2168 | D:3      | Found a shadowy altar of Dithmenos.
  2287 | D:3      | Noticed Natasha
  2293 | D:3      | Killed Natasha
  2294 | D:3      | Reached skill level 7 in Air Magic
  2298 | D:3      | Learned a level 3 spell: Swiftness
  2344 | D:3      | Gained mutation: Your magical nature lets you fly swiftly
                  | and evasively. [Tengu growth]
  2344 | D:3      | Reached XP level 5. HP: 25/28 MP: 1/9
  2625 | D:3      | Noticed Natasha
  2629 | D:3      | Killed Natasha
  2727 | D:3      | Noticed Natasha
  2734 | D:3      | Killed Natasha
  2735 | D:3      | Reached skill level 8 in Air Magic
  2833 | D:3      | Found a runed translucent door.
  2834 | D:3      | Noticed Crazy Yiuf
  2892 | D:3      | Found a burning altar of Makhleb.
  2931 | D:3      | Found an ancient bone altar of Kikubaaqudgha.
  2934 | D:3      | Noticed Grinder
  2942 | D:3      | Paralysed by Grinder for 5 turns
  2997 | D:3      | Killed from afar by Grinder

Illustrated notes

Levels and vault maps discovered:
D:1:      lightli_arrival_noodles, layout_loops_ring
D:2:      layout_basic
D:3:      layout_rooms, nicolae_dithmenos_through_a_glass_darkly,
          mainiacjoe_overflow_two_lobes, shapermc_ecumenical_altar_ellora,
          uniq_grinder, uniq_natasha, uniq_jessica, uniq_crazy_yiuf_cottage

Skill      XL: |  1  2  3  4  5 |
---------------+----------------+-----
Air Magic      | 5 6 7 8 |  8.2
Dodging        | |  2.1
Stealth        | |  2.0
Spellcasting   | |  2.0
Conjurations   | |  1.3

Action                   |  1- 3 |  4- 6 || total
-------------------------+-------+-------++-------
Melee: Unarmed           |     4 |       ||     4
       Kick              |     1 |       ||     1
       Peck              |     1 |       ||     1
 Cast: Shock             |    67 |    56 ||   123
Armor: Robe              |     2 |       ||     2
Dodge: Dodged            |     1 |    10 ||    11
Block: Other             |       |     3 ||     3
